 Dungeon Crawl Stone Soup version 0.24.0-125-gc4c63601f3 (webtiles) character file.

Game seed: 8399553748327241688, levelgen mode: deterministic

41 Frank2 the Cudgeler (level 3, -5/27 HPs)
             Began as a Demonspawn Gladiator on Mar 7, 2020.
             Slain by an ogre
             ... wielding a +0 giant club
              (18 damage)
             ... on level 2 of the Dungeon.
             The game lasted 00:02:38 (990 turns).

Frank2 the Cudgeler (Demonspawn Gladiator)           Turns: 990, Time: 00:02:39

Health: -5/27      AC:  7    Str: 14    XL:     3   Next: 32%
Magic:  3/3        EV: 13    Int:  9    God:
Gold:   68         SH:  0    Dex: 15    Spells: 2/2 levels left

rFire    . . .     SeeInvis .   a - +0 flail
rCold    . . .     Gourm    .   (no shield)
rNeg     . . .     Faith    .   b - +0 leather armour
rPois    .         Spirit   .   c - +0 helmet
rElec    .         Reflect  .   (no cloak)
rCorr    .         Harm     .   g - +0 pair of gloves
MR       .....                  (no boots)
Stlth    +.........             k - amulet of regeneration
HPRegen  0.49/turn              (no ring)
MPRegen  0.08/turn              (no ring)

@: no status effects
A: yellow scales 1, spiny 1
a: no special abilities


You were on level 2 of the Dungeon.
You were not hungry.

You visited 1 branch of the dungeon, and saw 2 of its levels.

You collected 68 gold pieces.

Inventory:

Hand Weapons
 a - a +0 flail (weapon)
Missiles
 d - a throwing net (quivered)
Armour
 b - a +0 leather armour (worn)
 c - a +0 helmet (worn)
 e - a cursed +0 chain mail
 g - a +0 pair of gloves (worn)
Jewellery
 k - an amulet of regeneration (around neck)
Scrolls
 h - a scroll of remove curse
 j - a scroll of identify {unknown}
Potions
 i - a potion of might {unknown}
Comestibles
 f - 4 rations


   Skills:
 + Level 2.2 Fighting
 + Level 3.3 Maces & Flails
 - Level 1.7 Throwing
 + Level 0.3 Armour
 + Level 3.2 Dodging


You had 2 spell levels left.
You didn't know any spells.
Your spell library was empty.

Dungeon Overview and Level Annotations

Branches:
Dungeon (2/15)

Altars:
Elyvilon


Innate Abilities, Weirdness & Mutations

You are partially covered in yellow scales. (AC +2)
You are partially covered in sharp spines.


Message History

The ogre struggles against the net.
You hit the ogre.
The ogre is severely wounded.
The ogre struggles against the net. x2
You hit the ogre.
The ogre is severely wounded.
The ogre struggles against the net.
You completely miss the ogre.
The ogre is severely wounded.
The ogre struggles against the net.
The net rips apart, and the ogre comes free!
You barely miss the ogre.
The ogre is severely wounded.
The ogre hits you with a +0 giant club!
Ouch! That really hurt!
You hit the ogre.
The ogre is almost dead.
The ogre hits you with a +0 giant club!!
Ouch! That really hurt!
You die...

....[# ###.....# .....#
#....#### .)...#####.##.#
####
.......#...##.######....
.....#.....##.##........
.[...###.#....##.#.....#
.<.......###..............
...[.##### #.##..#.⌠.⌠.#...
##.#.# #.###@..........
#.#.# #.# #O#(....#...
#.#.# ##.# #.(.$_...... .#
##..# #.#.....#...... ##
##..## #...)%........#
#..## #.#.†.⌠.#....K.
#.####(## ###((..)(........
#......####.(.#.....#......
##.....)..(.#..............


You could see an ogre.

Vanquished Creatures
  An ooze (D:1)
  2 dart slugs
  A leopard gecko (D:1)
  6 bats
  A giant cockroach (D:1)
  A goblin (D:1)
  5 hobgoblins
  2 jackals (D:1)
  5 kobolds
  2 frilled lizards (D:1)
  5 rats
31 creatures vanquished.

Notes
Turn   | Place    | Note
-------+----------+-------------------------------------------
     0 | D:1      | Frank2 the Demonspawn Gladiator began the quest for the
                  | Orb.
     0 | D:1      | Reached XP level 1. HP: 16/16 MP: 1/1
    30 | D:1      | Gained mutation: You are partially covered in yellow
                  | scales. (AC +2) [demonic ancestry]
    30 | D:1      | Reached XP level 2. HP: 5/22 MP: 2/2
   653 | D:1      | Gained mutation: You are partially covered in sharp spines.
                  | [demonic ancestry]
   653 | D:1      | Reached XP level 3. HP: 20/27 MP: 3/3
   848 | D:2      | Noticed an ogre
   918 | D:2      | Found a white marble altar of Elyvilon.
   990 | D:2      | Slain by an ogre

Levels and vault maps discovered:
D:1:      erik_arrival_blinker_ship, layout_basic, serial_glass,
          glass_columns_b, glass_columns_a, minmay_split_cup_small
D:2:      layout_rooms, elyvilon_altar_5, minmay_misc_feat_more_columns

Skill      XL: |  1  2 |
---------------+-------+-----
Dodging        | 3 |  3.2
Maces & Flails | 3 |  3.3
Fighting       | |  2.2
Throwing       | |  1.7
Armour         | |  0.3

Action                   || total
-------------------------++-------
Melee: Flail             ||    87
Throw: Throwing net      ||     2
  Use: Scroll            ||     3
 Stab: Held in net/web   ||     1
Armor: Leather armour    ||    33
Dodge: Dodged            ||    66
